AoeStats
← Michi3052

Migration

505710861Analyzed
1v1 RM · 23d ago on Sep 10, 2026· 33m 41s· 2 players
Game mode
Random Map
Map size
132×132
Population
200
Speed
Normal
Resources
Standard
Victory
Conquest
Starting age
Dark Age
Ending age
Imperial Age
RankedLock teamsTeams togetherTeam positionsShared explorationLock speedFull tech treeHidden civsTurbo modeCheats
Victory
Defeat
🇪🇸 Turks · Spain
679
+16
🇫🇷 Teutons · France
688
-37
Michi3052
10:46 Feudal Age
12:51 Horse Collar
16:22 Loom
18:58 Castle Age
17:05 Double-Bit Axe
17:15 Gold Mining
22:00 Loom
25:10 Imperial Age
23:50 Town Watch
27:42 Fishing Lines
29:17 Ballistics
EugenFerrenbach
9:22 Feudal Age
12:31 Double-Bit Axe
14:01 Wheelbarrow
20:56 Castle Age
23:18 Medium Warships
27:41 Hand Cart
30:00 Bow Saw
Connection lost

Rejoining the realm…

Still unreachable

The connection could not be restored.

Session expired

The server has moved on; the page needs a fresh start.